 Dungeon Crawl Stone Soup version 0.31-a0-765-g67fe293 (webtiles) character file.

Game seed: 8160512920760520964

833 BarneyGumball the Cutter (level 7, -1/51 HPs)
             Began as a Gnoll Wanderer on Sept 16, 2023.
             Was a Follower of Cheibriados.
             Slain by a gnoll bouda
             ... wielding a +0 club
              (4 damage)
             ... on level 5 of the Dungeon.
             The game lasted 00:19:31 (3760 turns).

BarneyGumball the Cutter (Gnoll Wanderer)           Turns: 3760, Time: 00:19:32

Health: -1/51      AC:  7    Str: 12    XL:     7   Next: 98%
Magic:  5/11       EV: 13    Int: 11    God:    Cheibriados [*.....]
Gold:   228        SH:  0    Dex: 19    Spells: 9/11 levels left

rFire   + . .        a - +2 whip (elec)
rCold   . . .        (no shield)
rNeg    . . .        x - +2 leather armour {rF+}
rPois   .            (no helmet)
rElec   .            t - +0 cloak
rCorr   .            (no gloves)
SInv    .            y - +0 pair of boots
Will    .....        (no amulet)
Stlth   +++          l - +4 ring of slaying
HPRegen 0.28/turn    m - ring of wizardry
MPRegen 0.12/turn

%: wizardry (x1)
@: on blink cooldown, very slow
A: fangs 1, strong nose, distributed training
a: Renounce Religion, Bend Time


You were on level 5 of the Dungeon.
You worshipped Cheibriados.
Cheibriados was aware of your devotion.
You visited 2 branches of the dungeon, and saw 6 of its levels.

You collected 228 gold pieces.

Inventory:

Hand Weapons
 a - a +2 whip of electrocution (weapon)
 b - a +0 sling
 D - a +2 short sword
Missiles
 c - 10 poisoned darts (quivered)
 v - 4 atropa-tipped darts
Armour
 t - a +0 cloak (worn)
 x - a +2 leather armour of fire resistance (worn)
 y - a +0 pair of boots (worn)
 C - a +2 ring mail of cold resistance
Jewellery
 l - a +4 ring of slaying (left hand)
 m - a ring of wizardry (right hand)
 E - a ring of wizardry
Talismans
 j - a beast talisman
Wands
 e - a wand of roots (5)
Scrolls
 d - 2 scrolls of fear {unknown}
 f - a scroll of immolation {unknown}
 g - a scroll of enchant weapon {unknown}
 h - 3 scrolls of blinking {unknown}
 i - 4 scrolls of poison {unknown}
 k - 2 scrolls of revelation {unknown}
 p - 2 scrolls of vulnerability {unknown}
 q - 6 scrolls of identify {unknown}
 s - 3 scrolls of noise {unknown}
 w - a scroll of torment {unknown}
 B - a scroll of fog {unknown}
Potions
 n - a potion of mutation {unknown}
 o - 2 potions of resistance {unknown}
 r - a potion of brilliance {unknown}
 u - 2 potions of might {unknown}
 z - 4 potions of curing
 A - a potion of invisibility {unknown}
 F - a potion of cancellation {unknown}


   Skills:
 + Level 2.9 Fighting
 + Level 7.2 Short Blades
 + Level 2.9 Long Blades
 + Level 2.9 Axes
 + Level 2.9 Maces & Flails
 + Level 2.9 Polearms
 + Level 5.4 Staves
 + Level 2.9 Ranged Weapons
 + Level 5.4 Throwing
 + Level 2.9 Armour
 + Level 2.9 Dodging
 + Level 3.8 Stealth
 + Level 2.9 Shields
 + Level 2.9 Unarmed Combat
 + Level 2.9 Spellcasting
 + Level 2.3 Conjurations
 + Level 2.3 Hexes
 + Level 2.3 Summonings
 + Level 2.3 Necromancy
 + Level 2.3 Translocations
 + Level 2.3 Transmutations
 + Level 2.3 Fire Magic
 + Level 2.3 Ice Magic
 + Level 2.3 Air Magic
 + Level 2.3 Earth Magic
 + Level 2.3 Poison Magic
 + Level 3.2 Invocations
 + Level 5.4 Evocations
 + Level 2.6 Shapeshifting


You had 9 spell levels left.
You knew the following spells:

 Your Spells              Type           Power      Damage    Failure   Level
a - Blink                 Tloc           12%        N/A       8%          2

Your spell library contained the following spells:

 Spells                   Type           Power      Damage    Failure   Level
 Lesser Beckoning         Tloc           12%        N/A       8%          2
 Momentum Strike          Conj/Tloc      12%        3d8       8%          2
 Call Canine Familiar     Summ           6%         N/A       16%         3
 Sigil of Binding         Hex            6%         N/A       16%         3
 Dimensional Bullseye     Hex/Tloc       3%         N/A       43%         4
 Leda's Liquefaction      Hex/Erth       3%         N/A       43%         4


Dungeon Overview and Level Annotations

Branches:
Dungeon (5/15)             Temple (1/1) D:4

Altars:
Ashenzari
Cheibriados
Dithmenos
Elyvilon
Fedhas
Gozag
Hepliaklqana
Kikubaaqudgha
Makhleb
Okawaru
Qazlal
Ru
Trog
Uskayaw
Vehumet
Wu Jian
Xom
Yredelemnul
Zin
The Shining One

Shops:
D:1 (*

Annotations:
D:3 1 runed translucent door, exclusion: door, Crazy Yiuf
D:5 exclusion: door


Innate Abilities, Weirdness & Mutations

You have very sharp teeth.
Your uncanny sense of smell can sniff out nearby items.
Your experience applies equally to all skills.


Message History

The steam dragon claws you but does no damage.
The gnoll hits you from afar with a +2 spear of flaming.
The gnoll burns you.
Okay, then.
Casting: Blink (safe; 9% risk of failure)
Confirm with . or Enter, or press ? or * to list all spells.
You blink.
The gnoll shouts!
The gnoll bouda barks out a call to the hunt!
The gnolls pick up the pace!
The steam dragon breathes steam at you. The ball of steam misses you.
The flow of time bends around you.
The gnoll hits you from afar with a +2 spear of flaming!
* * * LOW HITPOINT WARNING * * *
The gnoll hits you from afar with a +0 spear.
* * * LOW HITPOINT WARNING * * *
The gnoll hits you but does no damage. The gnoll closely misses you.
It was a potion of curing.
You feel better. The gnoll barely misses you.
The gnoll hits you from afar with a +2 spear of flaming.
* * * LOW HITPOINT WARNING * * *
The gnoll barely misses you.
You feel stable enough to blink again.
The gnoll bouda is engulfed in a cloud of scalding steam.
The gnoll attacks as it pursues you! The gnoll closely misses you. x3
You hit the steam dragon.
Lightning courses through the steam dragon!
You kill the steam dragon!
Cheibriados appreciates the change of pace.
The gnoll hits you from afar with a +2 spear of flaming.
* * * LOW HITPOINT WARNING * * *
Casting: Blink (safe; 8% risk of failure)
Confirm with . or Enter, or press ? or * to list all spells.
You blink.
The gnoll barely misses you.
The gnoll hits you from afar with a +2 spear of flaming.
* * * LOW HITPOINT WARNING * * *
The gnoll hits you with a +0 flail.
* * * LOW HITPOINT WARNING * * *
The gnoll bouda hits you with a +0 club.
You die...

.... '......#.....#...
.... #......###.###...
..... .#................
......#.............#..
.....#.............#..
####
#####'###§............#..
...#
#......g.g............#..
...# #.....§ggg..........
#.. ...#
###......§@........ #..
...####~~~...§§..........
#..
.^..##~~#~~..............
#..
......~###~..............
#..
...###)#∆#~~.............
#.. ..)##~~#
##~............ ∆ #..
..[##~## #~............
#.. ....)~#
#~............ #..
#####~# #~~...........
#..


You could see a gnoll bouda and 4 gnolls.

Vanquished Creatures
  Eustachio (D:4)
  A steam dragon (D:5)
  A black bear (D:4)
  A scorpion (D:5)
  5 hounds
  A gnoll bouda (D:5)
  9 gnolls
  6 adders
  4 worms (D:2)
  3 dart slugs
  11 orcs
  12 bats
  6 endoplasms
  4 giant cockroaches
  6 goblins
  3 hobgoblins
  4 jackals
  3 kobolds
  A quokka (D:3)
  6 ball pythons
  11 frilled lizards
  4 rats
103 creatures vanquished.

Notes
Turn   | Place    | Note
-------+----------+-------------------------------------------
     0 | D:1      | BarneyGumball the Gnoll Wanderer began the quest for the
                  | Orb.
     0 | D:1      | BarneyGumball set off with the following items: a +2 short
                  | sword, a +0 quarterstaff, 10 poisoned darts, a +0 dagger, a
                  | scroll of teleportation, a +0 leather armour.
     0 | D:1      | Reached XP level 1. HP: 13/13 MP: 1/1
    49 | D:1      | Found Ijeuciqi's Assorted Antiques.
   169 | D:1      | Reached XP level 2. HP: 19/19 MP: 2/2
   363 | D:1      | Reached XP level 3. HP: 25/25 MP: 3/3
   738 | D:1      | Found Utoaj's Weapon Shop.
   844 | D:2      | Reached skill level 1 in Invocations
   847 | D:2      | Reached skill level 1 in Fighting
   847 | D:2      | Reached skill level 1 in Long Blades
   847 | D:2      | Reached skill level 1 in Axes
   847 | D:2      | Reached skill level 1 in Maces & Flails
   847 | D:2      | Reached skill level 1 in Polearms
   847 | D:2      | Reached skill level 1 in Ranged Weapons
   847 | D:2      | Reached skill level 1 in Armour
   847 | D:2      | Reached skill level 1 in Dodging
   847 | D:2      | Reached skill level 1 in Shields
   847 | D:2      | Reached skill level 1 in Unarmed Combat
   847 | D:2      | Reached skill level 1 in Spellcasting
  1071 | D:2      | Reached XP level 4. HP: 32/32 MP: 5/5
  1080 | D:2      | Reached skill level 1 in Shapeshifting
  1288 | D:2      | Reached skill level 1 in Conjurations
  1288 | D:2      | Reached skill level 1 in Hexes
  1288 | D:2      | Reached skill level 1 in Summonings
  1288 | D:2      | Reached skill level 1 in Necromancy
  1288 | D:2      | Reached skill level 1 in Translocations
  1288 | D:2      | Reached skill level 1 in Transmutations
  1288 | D:2      | Reached skill level 1 in Fire Magic
  1288 | D:2      | Reached skill level 1 in Ice Magic
  1288 | D:2      | Reached skill level 1 in Air Magic
  1288 | D:2      | Reached skill level 1 in Earth Magic
  1288 | D:2      | Reached skill level 1 in Poison Magic
  1544 | D:3      | Reached XP level 5. HP: 27/37 MP: 5/7
  1673 | D:3      | You fall into a shaft and drop 2 floors!
  1673 | D:5      | Entered Level 5 of the Dungeon
  1686 | D:5      | Noticed a phantom
  1790 | D:4      | Noticed Eustachio
  1821 | D:4      | Killed Eustachio
  1822 | D:4      | Reached skill level 5 in Staves
  1822 | D:4      | Reached skill level 5 in Throwing
  1822 | D:4      | Reached skill level 5 in Evocations
  1822 | D:4      | Reached XP level 6. HP: 44/44 MP: 7/9
  1904 | D:4      | Noticed a black bear
  2317 | D:4      | Found a staircase to the Ecumenical Temple.
  2325 | Temple   | Entered the Ecumenical Temple
  2364 | Temple   | Became a worshipper of Cheibriados the Contemplative
  2657 | D:3      | Found a runed translucent door.
  2658 | D:3      | Noticed Crazy Yiuf
  2791 | D:4      | Learned a level 2 spell: Blink
  3032 | D:4      | Killed a black bear
  3033 | D:4      | Reached skill level 7 in Short Blades
  3033 | D:4      | Reached XP level 7. HP: 36/50 MP: 7/10
  3368 | D:5      | Noticed a steam dragon
  3555 | D:5      | Reached * piety under Cheibriados
  3759 | D:5      | Killed a steam dragon
  3760 | D:5      | Slain by a gnoll bouda

Illustrated notes

Levels and vault maps discovered:
D:1:      scummos_arrival_hexagon, layout_basic, serial_shops,
          nicolae_lakefront_shop, nicolae_diamond_shop, minmay_lizard_king
D:2:      layout_basic, nicolae_wormholes
D:3:      layout_rooms, uniq_crazy_yiuf_cottage
D:4:      layout_basic, temple_statues, minmay_door_square, minivault_27,
          minivault_1, hangedman_decor_peaks_small, uniq_eustachio
D:5:      layout_gridville, st_stairs_3, minmay_manual_mullet
Temple:   mainiacjoe_temple_big_plus

Skill      XL: |  1  2  3  4  5  6  7 |
---------------+----------------------+-----
Invocations    | 1 2 3 |  3.2
Fighting       | 1 2 |  2.9
Long Blades    | 1 2 |  2.9
Axes           | 1 2 |  2.9
Maces & Flails | 1 2 |  2.9
Polearms       | 1 2 |  2.9
Ranged Weapons | 1 2 |  2.9
Armour         | 1 2 |  2.9
Dodging        | 1 2 |  2.9
Shields        | 1 2 |  2.9
Unarmed Combat | 1 2 |  2.9
Spellcasting   | 1 2 |  2.9
Shapeshifting  | 1 2 |  2.6
Conjurations   | 1 2 |  2.3
Hexes          | 1 2 |  2.3
Summonings     | 1 2 |  2.3
Necromancy     | 1 2 |  2.3
Translocations | 1 2 |  2.3
Transmutations | 1 2 |  2.3
Fire Magic     | 1 2 |  2.3
Ice Magic      | 1 2 |  2.3
Air Magic      | 1 2 |  2.3
Earth Magic    | 1 2 |  2.3
Poison Magic   | 1 2 |  2.3
Staves         | 5 |  5.4
Throwing       | 5 |  5.4
Stealth        | 3 |  3.8
Evocations     | 5 |  5.4
Short Blades   | 7 |  7.2

Action                     |  1- 3 |  4- 6 |  7- 9 || total
---------------------------+-------+-------+-------++-------
  Melee: Short sword       |    89 |    32 |    22 ||   143
         Bite              |     9 |     6 |     9 ||    24
         Punch             |       |     3 |     1 ||     4
         Whip              |       |       |    19 ||    19
   Fire: Sling             |     4 |   118 |    35 ||   157
  Throw: Dart              |       |     8 |     1 ||     9
   Cast: Blink             |       |     1 |     4 ||     5
 Invoke: Bend Time         |       |       |     1 ||     1
    Use: Scroll            |       |       |     1 ||     1
         Potion            |       |       |     1 ||     1
   Stab: Sleeping          |     3 |       |       ||     3
 Armour: Leather armour    |    38 |    31 |    40 ||   109
  Dodge: Dodged            |    58 |    30 |    31 ||   119
   Form: Beast             |     1 |       |       ||     1
                           |       |     1 |       ||     1

Table legend: (Time is in decaauts)
 A = Elapsed time spent in this place.
 B = Non-inter-level travel time spent in this place.
 C = Inter-level travel time spent in this place.
 D = Time resting spent in this place.
 E = Time spent auto-exploring this place.
 F = Levels seen in this place.
 G = Mean time per level.
                   A        B        C        D        E       F      G
               +--------+--------+--------+--------+--------+-----+--------+
         Total |   4070 |   3831 |    239 |     64 |   2895 |   6 |  678.3 |
       Dungeon |   3982 |   3829 |    153 |     64 |   2895 |   5 |  796.4 |
        Temple |     88 |      3 |     85 |      0 |      0 |   1 |   88.0 |
               +--------+--------+--------+--------+--------+-----+--------+

Top non-repeatable levels by time:
     D:4: 1080 daAuts
     D:5: 905 daAuts
     D:1: 784 daAuts
     D:2: 661 daAuts
     D:3: 549 daAuts
  Temple: 88 daAuts
